 Dungeon Crawl Stone Soup version 0.24-a0-284-g9fb9971 (webtiles) character file.

Game seed: 9959653826643633154

132 Tabby the Shooter (level 4, -1/37 HPs)
             Began as a Centaur Hunter on May 6, 2019.
             Slain by a worm (7 damage)
             ... on level 2 of the Dungeon.
             The game lasted 00:04:01 (1943 turns).

Tabby the Shooter (Centaur Hunter)                  Turns: 1943, Time: 00:04:02

Health: -1/37      AC:  7    Str: 15    XL:     4   Next: 92%
Magic:  13/13      EV:  9    Int: 10    God:
Gold:   54         SH:  0    Dex: 10    Spells: 3/3 levels left

rFire    . . .     SeeInvis .   b - +0 short sword
rCold    . . .     Gourm    .   (no shield)
rNeg     . . .     Faith    .   k - +3 leather armour
rPois    .         Spirit   .   (no helmet)
rElec    .         Reflect  .   (no cloak)
rCorr    .         Harm     .   (no gloves)
MR       .....                  (no barding)
Stlth    +.........             (no amulet)
HPRegen  0.12/turn              l - ring of magical power
MPRegen  0.13/turn              (no ring)

@: very quick
A: large, hooves 3, deformed body, speed 2, tough skin 3
a: no special abilities


You were on level 2 of the Dungeon.
You were not hungry.

You visited 1 branch of the dungeon, and saw 2 of its levels.

You collected 54 gold pieces.

Inventory:

Hand Weapons
 a - a +1 shortbow
 b - a +0 short sword (weapon)
Missiles
 d - 23 arrows
Armour
 c - a +0 leather armour
 k - a +3 leather armour (worn)
Jewellery
 l - a ring of magical power (left hand)
 p - an uncursed ring of protection from cold
 q - a +3 ring of dexterity {unknown}
Scrolls
 g - 3 scrolls of enchant weapon {unknown}
 j - 3 scrolls of identify {unknown}
 m - 3 scrolls of teleportation {unknown}
 s - a scroll of remove curse {unknown}
 t - a scroll of fog {unknown}
 u - a scroll of enchant armour {unknown}
Potions
 e - 3 potions of curing {unknown}
 i - a potion of haste {unknown}
 n - a potion of might {unknown}
 o - 2 potions of berserk rage {unknown}
 r - a potion of magic {unknown}
Comestibles
 f - 3 rations
 h - 11 chunks of flesh


   Skills:
 + Level 2.6 Fighting
 - Level 0.3 Short Blades
 + Level 7.1 Bows
 + Level 1.3 Armour
 - Level 1.5 Dodging
 - Level 0.4 Stealth


You had 3 spell levels left.
You didn't know any spells.
Your spell library was empty.

Dungeon Overview and Level Annotations

Branches:
Dungeon (2/15)

Altars:


Innate Abilities, Weirdness & Mutations

You have hooves in place of feet.
Armour fits poorly on your strangely shaped body.
You cover ground very quickly.
You have extremely tough skin. (AC +3)


Message History

You are too injured to fight recklessly!
You are too injured to fight recklessly!
You hit the worm but do no damage. You kick the worm.
The worm is heavily wounded.
The worm closely misses you.
You barely miss the worm.
The worm is heavily wounded.
You barely miss the worm.
The worm is heavily wounded.
The worm bites you but does no damage.
You completely miss the worm.
The worm is heavily wounded.
The worm bites you!
* * * LOW HITPOINT WARNING * * *
You barely miss the worm.
The worm is moderately wounded.
You hit the worm but do no damage.
The worm is moderately wounded.
The worm bites you!
You die...

#.# #...# .# #.#.#####...# .#
#.#.........# .# ###.#######.#.#
w# ............#.# .#
######.######.###########.##
#..................w..#
#########..#########.(####...g..
##....#..)..#...@)..(........$..
#..##.#...#.#..#.w.##.....######
..##..#.#)#....#.#.....##.#
.##.....#.#..#...#..##... +
##......#....#............
###########################


You could see a worm.

Vanquished Creatures
  An ogre (D:2)
  2 worms (D:2)
  A leopard gecko (D:1)
  5 giant cockroaches
  5 goblins
  5 hobgoblins
  5 jackals
  5 bats
  3 frilled lizards (D:1)
  2 kobolds (D:1)
  5 rats
39 creatures vanquished.

Notes
Turn   | Place    | Note
-------+----------+-------------------------------------------
     0 | D:1      | Tabby the Centaur Hunter began the quest for the Orb.
     0 | D:1      | Reached XP level 1. HP: 17/17 MP: 1/1
   308 | D:1      | Reached XP level 2. HP: 24/24 MP: 2/2
   638 | D:1      | Reached skill level 6 in Bows
  1357 | D:2      | Reached XP level 3. HP: 29/29 MP: 3/3
  1838 | D:2      | Noticed an ogre
  1854 | D:2      | Killed an ogre
  1854 | D:2      | Reached skill level 7 in Bows
  1854 | D:2      | Reached skill level 1 in Armour
  1854 | D:2      | Reached XP level 4. HP: 37/37 MP: 4/4
  1943 | D:2      | Slain by a worm

Levels and vault maps discovered:
D:1:      mrwooster_arrival_statue_3, layout_basic
D:2:      minmay_thinvault, layout_loops_ring, uniq_crazy_yiuf_cottage

Skill      XL: |  1  2  3 |
---------------+----------+-----
Bows           | 6 7 |  7.1
Armour         | 1 |  1.3
Fighting       | |  2.6
Short Blades   | |  0.3
Dodging        | |  1.5
Stealth        | |  0.4

Action                   |  1- 3 |  4- 6 || total
-------------------------+-------+-------++-------
Melee: Short sword       |    80 |    15 ||    95
       Kick              |    16 |     2 ||    18
 Fire: Shortbow          |    19 |     3 ||    22
  Eat: Chunk             |     2 |       ||     2
Armor: Leather armour    |    31 |     5 ||    36
Dodge: Dodged            |    43 |     2 ||    45

Table legend:
 A = Non-vault XP
 B = Vault XP
 C = Vault XP percentage of total XP
 D = Non-vault monster count
 E = Vault monster count
 F = Vault count percentage of total count
                 A         B        C        D         E       F
            +---------+---------+-------+---------+---------+-------
      Total |      53 |     136 |  72.0 |      30 |       9 |  23.1
            +---------+---------+-------+---------+---------+-------
        D:1 |      37 |       0 |   0.0 |      23 |       0 |   0.0
        D:2 |      16 |     136 |  89.5 |       7 |       9 |  56.2
            +---------+---------+-------+---------+---------+-------
